Warning! The script has encountered some errors when parsing the replay. Please report them to the . » details
0x00, prev: 0x16: 16 02 01 00 1E 9C 00 00 D6 5B 0E 00 [00] 00 00 00 00 00 00 00 00 00 00 00 00 00 00 00 00 00 00 00 00 00 00 00 10 00 05 11 00 18 01 03 1A 19 63 6F 64 6F CB 80 00 00 74 32 0C 00
0x00, prev: 0x00: 16 02 01 00 1E 9C 00 00 D6 5B 0E 00 00 00 00 00 00 00 00 00 00 00 00 00 00 00 00 00 00 00 00 00 00 00 [00] 00 10 00 05 11 00 18 01 03 1A 19 63 6F 64 6F CB 80 00 00 74 32 0C 00
0x00, prev: 0x02: 16 02 02 00 45 8E 00 00 77 6A 01 00 5C 82 00 00 2B C1 01 00 00 00 00 00 00 00 00 00 00 00 00 00 00 00 00 00 00 00 00 00 00 00 00 00 02 [00] 07 1F 00 12 00 00 03 00 0D 00 FF FF FF FF FF FF FF FF B7 AC 80 45 B2 0C E2 C5 FF FF FF FF FF FF FF FF
0x00, prev: 0x01: 16 02 01 00 29 8E 00 00 A6 4E 01 00 00 00 00 00 00 00 00 00 00 00 00 00 00 00 00 00 00 00 00 00 00 00 00 00 01 [00] 06 11 00 18 01 03 1A 19 6E 6F 62 75 25 84 00 00 73 EF 04 00
0x08, prev: 0x00: 16 02 03 00 71 9B 00 00 9B 04 07 00 74 A3 00 00 6F C3 05 00 6D A5 00 00 0B 9B 07 00 00 00 00 00 00 00 00 00 00 00 00 00 00 00 00 00 00 00 00 00 00 00 00 00 [08] 00 05 6E 00 16 02 07 00 F3 87 00 00 B9 49 01 00 95 30 00 00 8C D4 03 00 6D 81 00 00 2F 61 08 00 92 88 00 00 45 9B 01 00 36 9F 00 00 1C FA 01 00 8F A2 00 00 5B 3E 09 00 5B A3 00 00 EB C4 07 00 16 01 04 00 0C 80 00 00 70 DF 08 00 7F 82 00 00 8F 9B 08 00 5A 84 00 00 51 27 09 00 17 A3 00 00 3E E8 07 00 1A 19 63 6F 64 6F 17 A3 00 00 3E E8 07 00
0x0E, prev: 0x00: 16 02 01 00 5E 98 00 00 88 37 01 00 00 00 00 00 00 00 00 00 00 00 00 00 00 00 00 00 00 00 00 00 00 00 00 00 [0E] 00
General information
- name: BNet
- type: Ladder team game (AT/RT)
- host: Battle.net
- saver: COOLMIKE162
map: Mur'gulOasis
- players: 8
- length: 26:15
- speed: Fast
- version: 1.23 W3XP
- replay type: Public
» download(226 KB)
Players
team 1 (winner)

»
BROLYSAIYANKING (
blue | 342 APM | 1565 actions | 04:34)
2 Blademaster
1 Wind Walk
1 Critical Strike
1 Shadow Hunter
1 Hex
» actions
| Assign group hotkey | 32 | |
| Basic commands | 134 | |
| Build / train | 66 | |
| ESC pressed | 1 | |
| Enter build submenu | 15 | |
| Enter hero's abilities submenu | 10 | |
| Give item / drop item | 2 | |
| Remove unit from queue | 2 | |
| Right click | 806 | |
| Select / deselect | 231 | |
| Select group hotkey | 153 | |
| Use ability | 113 | |
1565 total
» units
| Peon | 8 | |
| Grunt | 5 | |
| Wind Rider | 10 | |
| Troll Batrider | 10 | |
33 total
» upgrades
| Armor | 1 | |
| Envenomed Spears | 1 | |
| Liquid Fire | 1 | |
3 total
» buildings
| Altar of Storms | 1 | |
| Orc Burrow | 6 | |
| Barracks | 1 | |
| Voodoo Lounge | 1 | |
| Stronghold | 1 | |
| Fortress | 1 | |
| Beastiary | 2 | |
| War Mill | 1 | |
| Great Hall | 1 | |
15 total
» build order
00:10 Altar of Storms
00:20 Orc Burrow
00:51 Barracks
01:33 Orc Burrow
01:57 Voodoo Lounge
03:04 Stronghold
03:31 Orc Burrow
04:34 Great Hall
» items
| Lesser Clarity Potion | 3 | |
| Healing Salve | 2 | |
| Boots of Speed | 1 | |
| Scroll of Town Portal | 2 | |
| Orb of Lightning | 2 | |
| Potion of Healing | 1 | |
| Potion of Lesser Invulnerability | 1 | |
12 total

»
COOLMIKE162 (
pink | 540 APM | 2474 actions | 04:34)
3 Blademaster
2 Wind Walk
1 Critical Strike
1 Shadow Hunter
1 Hex
» actions
| Assign group hotkey | 103 | |
| Basic commands | 2 | |
| Build / train | 53 | |
| ESC pressed | 1 | |
| Enter build submenu | 16 | |
| Enter hero's abilities submenu | 11 | |
| Give item / drop item | 1 | |
| Right click | 991 | |
| Select / deselect | 496 | |
| Select group hotkey | 678 | |
| Use ability | 122 | |
2474 total
» units
| Peon | 13 | |
| Grunt | 5 | |
| Giant Sea Turtle | 1 | |
| Raider | 5 | |
| Kodo Beast | 1 | |
| Troll Batrider | 3 | |
28 total
» upgrades
» buildings
| Altar of Storms | 1 | |
| Orc Burrow | 7 | |
| Barracks | 1 | |
| Voodoo Lounge | 2 | |
| Stronghold | 1 | |
| War Mill | 1 | |
| Beastiary | 2 | |
| Great Hall | 2 | |
17 total
» build order
00:06 Altar of Storms
00:20 Orc Burrow
00:39 Barracks
01:31 Orc Burrow
01:55 Voodoo Lounge
02:59 Stronghold
03:25 Orc Burrow
03:56 War Mill
04:34 Great Hall
» items
| Healing Salve | 3 | |
| Scroll of Town Portal | 3 | |
| Potion of Healing | 1 | |
| Scroll of Protection | 1 | |
| Scroll of Healing | 1 | |
9 total

»
D3STRUCTION (
teal | 542 APM | 2481 actions | 04:34)
3 Tauren Chieftain
2 War Stomp
1 Endurance Aura
1 Shadow Hunter
1 Hex
» actions
| Assign group hotkey | 87 | |
| Basic commands | 238 | |
| Build / train | 64 | |
| ESC pressed | 2 | |
| Enter build submenu | 19 | |
| Enter hero's abilities submenu | 12 | |
| Remove unit from queue | 1 | |
| Right click | 730 | |
| Select / deselect | 309 | |
| Select group hotkey | 843 | |
| Use ability | 175 | |
2481 total
» units
| Peon | 7 | |
| Grunt | 5 | |
| Tauren | 6 | |
| Spirit Walker | 3 | |
| Troll Witch Doctor | 4 | |
| Shaman | 1 | |
26 total
» upgrades
| Witch Doctor Training | 2 | |
| Spirit Walker Training | 2 | |
| Pulverize | 1 | |
| Melee Weapons | 1 | |
| Armor | 1 | |
7 total
» buildings
| Altar of Storms | 1 | |
| Orc Burrow | 9 | |
| Barracks | 1 | |
| Voodoo Lounge | 1 | |
| Stronghold | 2 | |
| War Mill | 1 | |
| Fortress | 1 | |
| Spirit Lodge | 3 | |
| Tauren Totem | 3 | |
22 total
» build order
00:06 Altar of Storms
00:19 Orc Burrow
00:35 Barracks
01:39 Orc Burrow
02:04 Voodoo Lounge
03:16 Stronghold
03:17 Stronghold
03:50 Orc Burrow
04:21 War Mill
04:34 Orc Burrow
» items
| Healing Salve | 4 | |
| Lesser Clarity Potion | 1 | |
| Potion of Healing | 1 | |
| Potion of Mana | 1 | |
| Scroll of Speed | 2 | |
| Scroll of Town Portal | 3 | |
| Orb of Lightning | 1 | |
13 total
dfgerdfrt (
red | 682 APM | 3122 actions | 04:34)
2 Blademaster
1 Wind Walk
1 Critical Strike
1 Tauren Chieftain
1 War Stomp
» actions
| Assign group hotkey | 497 | |
| Basic commands | 32 | |
| Build / train | 84 | |
| Enter build submenu | 23 | |
| Enter hero's abilities submenu | 9 | |
| Remove unit from queue | 1 | |
| Right click | 1268 | |
| Select / deselect | 241 | |
| Select group hotkey | 893 | |
| Use ability | 74 | |
3122 total
» units
| Peon | 9 | |
| Grunt | 4 | |
| Troll Headhunter/Berserker | 25 | |
| Shaman | 3 | |
| Troll Witch Doctor | 5 | |
46 total
» upgrades
| Shaman Training | 2 | |
| Ranged Weapons | 2 | |
| Berserker Upgrade | 1 | |
| Witch Doctor Training | 1 | |
6 total
» buildings
| Altar of Storms | 1 | |
| Orc Burrow | 7 | |
| Barracks | 2 | |
| Voodoo Lounge | 1 | |
| Stronghold | 1 | |
| War Mill | 1 | |
| Watch Tower | 2 | |
| Spirit Lodge | 1 | |
| Fortress | 1 | |
17 total
» build order
00:05 Altar of Storms
00:16 Orc Burrow
00:36 Barracks
01:38 Orc Burrow
01:59 Voodoo Lounge
03:06 Stronghold
04:04 War Mill
04:31 Orc Burrow
04:34 Orc Burrow
» items
| Healing Salve | 3 | |
| Scroll of Town Portal | 7 | |
| Orb of Lightning | 1 | |
| Boots of Speed | 1 | |
12 total
team 2 (loser)
DRX-Army (
purple | 340 APM | 1555 actions | 04:34)
3 Tauren Chieftain
1 Shockwave
2 Endurance Aura
» actions
| Assign group hotkey | 242 | |
| Basic commands | 161 | |
| Build / train | 55 | |
| Enter build submenu | 17 | |
| Enter hero's abilities submenu | 5 | |
| Give item / drop item | 1 | |
| Remove unit from queue | 2 | |
| Right click | 466 | |
| Select / deselect | 287 | |
| Select group hotkey | 266 | |
| Use ability | 53 | |
1555 total
» units
| Peon | 7 | |
| Grunt | 10 | |
| Shaman | 4 | |
| Tauren | 9 | |
30 total
» upgrades
| Armor | 2 | |
| Witch Doctor Training | 1 | |
| Shaman Training | 1 | |
4 total
» buildings
| Altar of Storms | 1 | |
| Orc Burrow | 10 | |
| Barracks | 1 | |
| Voodoo Lounge | 1 | |
| Stronghold | 2 | |
| War Mill | 1 | |
| Spirit Lodge | 1 | |
| Fortress | 1 | |
| Tauren Totem | 2 | |
20 total
» build order
00:06 Altar of Storms
00:19 Orc Burrow
00:49 Barracks
01:29 Voodoo Lounge
01:47 Orc Burrow
02:56 Stronghold
02:56 Stronghold
03:47 Orc Burrow
04:16 War Mill
04:34 Orc Burrow
» items
| Healing Salve | 3 | |
| Lesser Clarity Potion | 2 | |
| Potion of Healing | 1 | |
| Scroll of Town Portal | 2 | |
8 total
FaN.Amero (
yellow | 402 APM | 1841 actions | 04:34)
2 Keeper of the Grove
1 Entangling Roots
1 Thorns Aura
» actions
| Assign group hotkey | 23 | |
| Build / train | 49 | |
| Enter build submenu | 7 | |
| Enter hero's abilities submenu | 2 | |
| Right click | 1093 | |
| Select / deselect | 267 | |
| Select group hotkey | 327 | |
| Use ability | 73 | |
1841 total
» units
» buildings
| Altar of Elders | 1 | |
| Moon Well | 3 | |
| Hunter's Hall | 1 | |
| Ancient of War | 2 | |
7 total
» build order
00:12 Altar of Elders
00:25 Moon Well
01:42 Hunter's Hall
01:46 Ancient of War
02:15 Moon Well
02:34 Ancient of War
03:08 Moon Well
» items
VenDettA( (
green | 337 APM | 1545 actions | 04:34)
3 Death Knight
2 Death Coil
1 Unholy Aura
1 Lich
1 Frost Nova
1 Crypt Lord
1 Impale
» actions
| Assign group hotkey | 52 | |
| Basic commands | 115 | |
| Build / train | 72 | |
| ESC pressed | 1 | |
| Enter build submenu | 18 | |
| Enter hero's abilities submenu | 14 | |
| Give item / drop item | 2 | |
| Right click | 539 | |
| Select / deselect | 291 | |
| Select group hotkey | 364 | |
| Use ability | 77 | |
1545 total
» units
| Acolyte | 2 | |
| Ghoul | 1 | |
| Crypt Fiend | 21 | |
| Frost Wyrm | 12 | |
36 total
» upgrades
| Creature Attack | 3 | |
| Creature Carapace | 3 | |
| Burrow | 1 | |
| Web | 1 | |
| Freezing Breath | 1 | |
9 total
» buildings
| Graveyard | 1 | |
| Crypt | 1 | |
| Altar of Darkness | 1 | |
| Ziggurat | 9 | |
| Tomb of Relics | 1 | |
| Halls of the Dead | 1 | |
| Black Citadel | 1 | |
| Sacrificial Pit | 1 | |
| Boneyard | 3 | |
19 total
» build order
00:08 Graveyard
00:10 Crypt
00:21 Altar of Darkness
00:35 Ziggurat
00:55 Tomb of Relics
01:47 Ziggurat
03:30 Halls of the Dead
04:05 Ziggurat
04:34 Ziggurat
» items
| Rod of Necromancy | 1 | |
| Dust of Appearance | 2 | |
| Orb of Corruption | 1 | |
| Scroll of Town Portal | 3 | |
| Scroll of Healing | 1 | |
| Scroll of Protection | 1 | |
9 total
vS)DreaMs (
orange | 277 APM | 1267 actions | 04:34)
2 Priestess of the Moon
1 Trueshot Aura
1 Scout
» actions
| Assign group hotkey | 2 | |
| Basic commands | 58 | |
| Build / train | 32 | |
| Enter build submenu | 11 | |
| Enter hero's abilities submenu | 4 | |
| Remove unit from queue | 1 | |
| Right click | 732 | |
| Select / deselect | 287 | |
| Select group hotkey | 13 | |
| Use ability | 127 | |
1267 total
» units
» upgrades
» buildings
| Altar of Elders | 1 | |
| Moon Well | 5 | |
| Hunter's Hall | 1 | |
| Ancient of War | 2 | |
9 total
» build order
00:15 Altar of Elders
00:51 Moon Well
01:27 Hunter's Hall
01:51 Ancient of War
02:17 Moon Well
03:35 Ancient of War
04:34 Moon Well
Chat log
(00:41 / All) VenDettA(: clan ggl?
(00:45 / All) BROLYSAIYANKING: no u
(00:48 / All) VenDettA(: no
(00:51 / All) VenDettA(: i was orginal
(00:58 / All) BROLYSAIYANKING: good to her
(00:59 / All) VenDettA(: not p4k ggl
(00:59 / All) BROLYSAIYANKING: hear
(01:00 / All) vS)DreaMs: sup guys
(01:05 / All) BROLYSAIYANKING: hi adam
(01:13 / All) VenDettA(: adam as in blind.side?
(01:17 / All) BROLYSAIYANKING: true
(01:21 / All) VenDettA(: WTF
(01:23 / All) VenDettA(: LOL
(01:29 / All) BROLYSAIYANKING: ?
(01:33 / All) VenDettA(: thats oj?
(01:34 / Allies) dfgerdfrt: 4 orrk
(01:47 / All) BROLYSAIYANKING: obv im pranking you
(04:34 / All) vS)DreaMs: gg